 Dungeon Crawl Stone Soup version 0.26-a0-597-gb535b0901c (webtiles) character file.

Game seed: 11138857159262419810

259 Alarkh the Insei (level 5, -7/43 HPs)
             Began as a Demonspawn Monk on Sept 2, 2020.
             Mangled by Lanoc's ghost (12 damage)
             ... on level 4 of the Dungeon.
             The game lasted 00:03:19 (3984 turns).

Alarkh the Insei (Demonspawn Monk)                  Turns: 3984, Time: 00:03:19

Health: -7/43      AC:  4    Str: 11      XL:     5   Next: 94%
Magic:  5/5        EV: 13    Int: 11 (12) God:
Gold:   271        SH:  0    Dex: 15 (16) Spells: 4/4 levels left

rFire    . . .     SeeInvis .   w - +10 rapier of Pyepp {flame, +Rage rC+ Stlth+}
rCold    + . .     Faith    .   (no shield)
rNeg     . . .     Spirit   .   a - +0 robe
rPois    .         Reflect  .   (no helmet)
rElec    .         Harm     .   d - +0 cloak
rCorr    .                      (no gloves)
MR       .....                  (no boots)
Stlth    +++.......             (no amulet)
HPRegen  0.14/turn              (no ring)
MPRegen  0.09/turn              (no ring)

@: no status effects
A: claws 2, sharp scales 1
a: Evoke Berserk Rage


You were on level 4 of the Dungeon.
You visited 1 branch of the dungeon, and saw 4 of its levels.

You collected 271 gold pieces.

Inventory:

Hand Weapons
 t - the +7 dagger of Irrepressible Laughter {chaos, rF+ Int+4 Dex+3}
   (You found it on level 4 of the Dungeon)

   Each time it hits an enemy it has a different, random effect.
   It affects your intelligence (+4).
   It affects your dexterity (+3).
   It protects you from fire.
 w - the +10 rapier of Pyepp (weapon) {flame, +Rage rC+ Stlth+}
   (You found it on level 4 of the Dungeon)

   It has been specially enchanted to burn those struck by it, causing extra
   injury to most foes and up to half again as much damage against particularly
   susceptible opponents.
   It protects you from cold.
   It lets you go berserk.
   It makes you more stealthy.
Armour
 a - a +0 robe (worn)
 d - a +0 cloak (worn)
Scrolls
 b - 2 scrolls of identify {unknown}
 e - a scroll of fear {unknown}
 f - a scroll of teleportation {unknown}
 g - a scroll of remove curse
 k - 2 scrolls of noise {unknown}
 l - a scroll of fog {unknown}
 o - a scroll of immolation {unknown}
 p - a scroll of amnesia {unknown}
 q - a scroll of random uselessness {unknown}
 r - a scroll of blinking {unknown}
Potions
 c - a potion of invisibility
 h - 2 potions of heal wounds {unknown}
 i - 2 potions of resistance {unknown}
 j - 3 potions of degeneration
 m - a potion of berserk rage {unknown}
 n - 2 potions of flight {unknown}
 s - a potion of mutation {unknown}
 u - 2 potions of brilliance {unknown}
 v - a potion of curing {unknown}


   Skills:
 + Level 4.5 Fighting
 - Level 2.6 Dodging
 - Level 1.7 Stealth
 * Level 5.2 Unarmed Combat


You had 4 spell levels left.
You didn't know any spells.
Your spell library was empty.

Dungeon Overview and Level Annotations

Branches:
Dungeon (4/15)
 Temple: D:4-7

Altars:
Cheibriados
Elyvilon
Gozag
Hepliaklqana
Kikubaaqudgha
Makhleb
Wu Jian
The Shining One

Annotations:
D:4 Lanoc's ghost, novice NaBe


Innate Abilities, Weirdness & Mutations

You have very sharp fingernails.
You are partially covered in razor-sharp scales. (AC +1, Slay +1)


Message History

You puncture Lanoc's ghost! You burn Lanoc's ghost.
Lanoc's ghost is lightly damaged.
Lanoc's ghost shouts, "I was like you once."
Lanoc's ghost closely misses you.
You puncture Lanoc's ghost! You burn Lanoc's ghost.
Lanoc's ghost is moderately damaged.
Lanoc's ghost yells, "Who would have thought, even in death it is a pleasure to sever!"
Lanoc's ghost hits you!
You hit Lanoc's ghost. You burn Lanoc's ghost.
Lanoc's ghost is moderately damaged.
Lanoc's ghost barely misses you.
You hit Lanoc's ghost but do no damage.
Lanoc's ghost is moderately damaged.
Lanoc's ghost hits you! x2
* * * LOW HITPOINT WARNING * * *
You are too injured to fight recklessly!
You closely miss Lanoc's ghost.
Lanoc's ghost is moderately damaged.
Lanoc's ghost hits you!
You die...

#....)....# #.#.#
#.........# #.#.#
####+###..# #.#^# ###
#.# #..### #.#.# ..###.#
#....# #.#.# ......#
#...######### #####....
..#######...#.....#.#
#....<#.#
............#(...(#.#
#.#####.#
.#########..#..W@.'.##
#.# #.# .#
#..#(....'..####.# #.#
.# #..#...♣.'.......#
#.# .#
#..#.(...#.#####.# #.#
.# #..#.(..(#.# #.# #.#
.# #..######### #.# #.#
## #...### #.#####.#
#.....# #.......#
#...#.##################


You could see Lanoc's ghost.

Vanquished Creatures
  A scorpion (D:4)
  2 hounds (D:4)
  An iguana (D:4)
  5 adders
  A worm (D:4)
  4 dart slugs
  5 leopard geckos
  3 orcs (D:4)
  3 giant cockroaches
  3 goblins
  5 hobgoblins
  2 jackals (D:2)
  3 quokkas
  2 ball pythons (D:1)
  7 bats
  4 frilled lizards
  9 kobolds
  10 rats
70 creatures vanquished.

Notes
Turn   | Place    | Note
-------+----------+-------------------------------------------
     0 | D:1      | Alarkh the Demonspawn Monk began the quest for the Orb.
     0 | D:1      | Reached XP level 1. HP: 18/18 MP: 1/1
   157 | D:1      | Reached skill level 3 in Unarmed Combat
   223 | D:1      | Gained mutation: You have sharp fingernails. [demonic
                  | ancestry]
   223 | D:1      | Reached XP level 2. HP: 19/24 MP: 2/2
   985 | D:2      | Reached XP level 3. HP: 29/29 MP: 3/3
  1968 | D:3      | Reached skill level 4 in Unarmed Combat
  1968 | D:3      | Gained mutation: You are partially covered in razor-sharp
                  | scales. (AC +1, Slay +1) [demonic ancestry]
  1968 | D:3      | Reached XP level 4. HP: 7/37 MP: 4/4
  2890 | D:4      | Got a shimmering dagger
  2891 | D:4      | Identified the +7 dagger of Irrepressible Laughter {chaos,
                  | rF+ Int+4 Dex+3} (You found it on level 4 of the Dungeon)
  2983 | D:4      | Gained mutation: You have very sharp fingernails. [demonic
                  | ancestry]
  2983 | D:4      | Reached XP level 5. HP: 42/42 MP: 5/5
  3011 | D:4      | Found an ancient bone altar of Kikubaaqudgha.
  3012 | D:4      | Found a hazy altar of Hepliaklqana.
  3016 | D:4      | Found an opulent altar of Gozag.
  3017 | D:4      | Found a burning altar of Makhleb.
  3017 | D:4      | Found a white marble altar of Elyvilon.
  3017 | D:4      | Found a snail-covered altar of Cheibriados.
  3019 | D:4      | Found a glowing golden altar of the Shining One.
  3022 | D:4      | Found an ornate altar of the Wu Jian Council.
  3082 | D:4      | Found a runed translucent gate.
  3083 | D:4      | Found a runed translucent gate.
  3084 | D:4      | Found a runed translucent gate.
  3085 | D:4      | Noticed Lanoc's ghost (novice NaBe)
  3464 | D:4      | Got a bloodstained rapier
  3465 | D:4      | Identified the +10 rapier of Pyepp {flame, +Rage rC+
                  | Stlth+} (You found it on level 4 of the Dungeon)
  3693 | D:4      | Reached skill level 5 in Unarmed Combat
  3984 | D:4      | Mangled by Lanoc's ghost

Illustrated notes

Levels and vault maps discovered:
D:1:      dpeg_arrival_shrine, layout_basic
D:2:      layout_loops_corners
D:3:      layout_rooms
D:4:      layout_basic, minitemple, ebering_ghost_rock_garden

Skill      XL: |  1  2  3  4  5 |
---------------+----------------+-----
Unarmed Combat | 3 4 5 |  5.2
Fighting       | 4 |  4.5
Dodging        | |  2.6
Stealth        | |  1.7

Action                   |  1- 3 |  4- 6 || total
-------------------------+-------+-------++-------
Melee: Unarmed           |   122 |    52 ||   174
       Dagger            |       |    29 ||    29
       Rapier            |       |    10 ||    10
  Use: Potion            |     3 |       ||     3
       Scroll            |       |     1 ||     1
 Stab: Sleeping          |     6 |     4 ||    10
       Invisible         |     1 |       ||     1
Armor: Robe              |     9 |    20 ||    29
       Skin              |     3 |       ||     3
Dodge: Dodged            |    86 |    58 ||   144

Table legend: (Time is in decaauts)
 A = Elapsed time spent in this place.
 B = Non-inter-level travel time spent in this place.
 C = Inter-level travel time spent in this place.
 D = Time resting spent in this place.
 E = Time spent auto-exploring this place.
 F = Levels seen in this place.
 G = Mean time per level.
                   A        B        C        D        E       F      G
               +--------+--------+--------+--------+--------+-----+--------+
         Total |   3973 |   3752 |    221 |    308 |   2945 |   4 |  993.2 |
       Dungeon |   3973 |   3752 |    221 |    308 |   2945 |   4 |  993.2 |
               +--------+--------+--------+--------+--------+-----+--------+

Top non-repeatable levels by time:
     D:4: 1141 daAuts
     D:2: 952 daAuts
     D:3: 939 daAuts
     D:1: 939 daAuts
